 Dungeon Crawl Stone Soup version 0.30-a0-989-g0d87f670db (webtiles) character file.

Game seed: 5887952027837318838

2303 jtron the Insei (level 9, -6/56 (68) HPs)
             Began as a Gnoll Wanderer on Apr 3, 2023.
             Was a Follower of Fedhas.
             Mangled by a wight
             ... wielding a +5 trident
              (10 damage)
             ... on level 6 of the Dungeon on Apr 4, 2023.
             The game lasted 00:26:16 (6261 turns).

jtron the Insei (Gnoll Wanderer)                    Turns: 6261, Time: 00:26:17

HP:   -6/56 (68)    AC:  6    Str: 18    XL:     9   Next: 40%
MP:   16/16         EV: 14    Int: 18    God:    Fedhas [*.....]
Gold: 342           SH:  0    Dex: 13    Spells: 14/18 levels left

rFire   + . .      SeeInvis .    b - +4 hammer "Vuryxum" {heavy, rElec Int+4}
rCold   + . .      Faith    .    (no shield)
rNeg    . . .      Spirit   .    B - +1 robe {rC+ rF+}
rPois   .          Reflect  .    (no helmet)
rElec   +          Rampage  .    t - +1 cloak
rCorr   .                        m - +0 pair of gloves
Will    .....                    (no boots)
Stlth   +++                      d - amulet of regeneration
HPRegen 1.09/turn                j - +6 ring of strength
MPRegen 0.15/turn                (no ring)

@: heavily drained
A: fangs 1, strong nose, distributed training
a: Renounce Religion


You were on level 6 of the Dungeon.
You worshipped Fedhas.
Fedhas was aware of your devotion.
You visited 1 branch of the dungeon, and saw 6 of its levels.

You collected 342 gold pieces.

Inventory:

Hand Weapons
 a - a +2 sling
 b - the +4 hammer "Vuryxum" (weapon) {heavy, rElec Int+4}
   (You found it on level 3 of the Dungeon)

   Int:       It affects your intelligence (+4).
   rElec:     It insulates you from electricity.
 i - the +2 hammer of Gehenna {protect, *Rage rF+ Dex+3}
   (You found it on level 3 of the Dungeon)

   Dex:       It affects your dexterity (+3).
   rF:        It protects you from fire.
   *Rage:     It berserks you when you make melee attacks (+20% chance).
 l - the +8 hammer "Hell-Harrower" {heavy, *Noise Fragile rCorr Str+5}
   (You found it on level 3 of the Dungeon)

   Str:       It affects your strength (+5).
   *Noise:    It may make noises in combat.
   rCorr:     It protects you from acid and corrosion.
   Fragile:   It will be destroyed if unequipped.
 p - a +0 dagger
 r - the +5 hammer of Niraxey {venom, Will+++ rCorr Str-3 Stlth+}
   (You found it on level 3 of the Dungeon)

   Str:       It affects your strength (-3).
   rCorr:     It protects you from acid and corrosion.
   Will:      It greatly increases your willpower.
   Stlth:     It makes you more stealthy.
 s - a +4 quarterstaff of chaos
Missiles
 f - 102 stones (quivered)
Armour
 m - a +0 pair of gloves (worn)
 t - a +1 cloak (worn)
 B - a +1 robe of resistance (worn)
Jewellery
 d - an amulet of regeneration (around neck)
 j - a +6 ring of strength (left hand)
 k - a ring of fire
Wands
 n - a wand of charming (5)
Scrolls
 e - 2 scrolls of enchant armour {unknown}
 q - 2 scrolls of blinking
 w - a scroll of poison {unknown}
 y - a scroll of amnesia {unknown}
 C - a scroll of teleportation {unknown}
Potions
 c - 2 potions of brilliance
 g - a potion of haste
 h - 3 potions of cancellation
 o - a potion of flight {unknown}
 u - a potion of degeneration {unknown}
 v - a potion of curing
 x - a potion of berserk rage {unknown}
 z - a potion of lignification
 A - a potion of heal wounds {unknown}


   Skills:
 + Level 5.1 Fighting
 + Level 4.4 Short Blades
 + Level 4.4 Long Blades
 + Level 4.4 Axes
 + Level 4.4 Maces & Flails
 + Level 4.4 Polearms
 + Level 4.4 Staves
 + Level 4.4 Ranged Weapons
 + Level 4.4 Throwing
 + Level 4.4 Armour
 + Level 6.4 Dodging
 + Level 6.1 Stealth
 + Level 4.4 Shields
 + Level 6.4 Unarmed Combat
 + Level 5.3 Spellcasting
 + Level 3.6 Conjurations
 + Level 3.6 Hexes
 + Level 3.6 Summonings
 + Level 4.2 Necromancy
 + Level 3.6 Translocations
 + Level 3.6 Transmutations
 + Level 3.6 Fire Magic
 + Level 3.6 Ice Magic
 + Level 3.6 Air Magic
 + Level 3.6 Earth Magic
 + Level 3.6 Poison Magic
 + Level 5.5 Invocations
 + Level 4.4 Evocations


You had 14 spell levels left.
You knew the following spells:

 Your Spells              Type           Power      Damage    Failure   Level
a - Necrotise             Necr           80%        1d8       2%          1
b - Vampiric Draining     Necr           20%        2d7       7%          3

Your spell library contained the following spells:

 Spells                   Type           Power      Damage    Failure   Level
 Scorch                   Fire           34%        2d6       4%          2
 Flame Wave               Conj/Fire      17%        2d7       28%         4
 Summon Cactus Giant      Summ           8%         N/A       99%         6


Dungeon Overview and Level Annotations

Branches:
Dungeon (6/15)
 Temple: D:4-7

Altars:
Dithmenos
Fedhas
Sif Muna
Trog
Vehumet


Innate Abilities, Weirdness & Mutations

You have very sharp teeth.
Your uncanny sense of smell can sniff out nearby items.
Your experience applies equally to all skills.


Message History

You feel drained.
You feel better. The wight hits you but does no damage.
You cannot move.
You swing at nothing.
The wight hits you but does no damage.
You swing at nothing.
The wight hits you but does no damage. x2
You swing at nothing.
The wight hits you but does no damage.
The wight hits you from afar with a +5 trident!
You feel drained.
You swing at nothing.
You feel less wooden.
Your +1 cloak unmelds from your body.
Your +0 pair of gloves unmelds from your body.
Your +1 robe of resistance unmelds from your body.
You feel resistant to extremes of temperature.
The wight hits you from afar with a +5 trident!
The wight hits you from afar with a +5 trident.
You feel drained.
Found a stone staircase leading up.
The wight barely misses you.
You hit the wight. You punch the wight, but do no damage.
Your bite misses the wight.
The wight is lightly damaged.
The wight hits you with a +5 trident. The wight hits you with a +5 trident!
* * * LOW HITPOINT WARNING * * *
You feel drained.
* * * LOW HITPOINT WARNING * * *
You hit the wight.
The wight is heavily damaged.
The wight hits you with a +5 trident.
* * * LOW HITPOINT WARNING * * *
You feel drained.
You hit the wight.
The wight is almost destroyed.
The wight hits you with a +5 trident!
* * * LOW HITPOINT WARNING * * *
The wight misses you.
You hit the wight. Your bite misses the wight.
The wight is almost destroyed.
The wight misses you. The wight hits you with a +5 trident!
You die...
Fedhas appreciates your contribution to the ecosystem.

#.# #.#.## ## ##.#### ##...<.##
#.##.## ##. ......# ##.......##
#.###)###.# ##.#...#
#.........###.####.#..#
..........+.........+.......)...#
####...####.........####>..##.###
#)## #.......# ##.#...# .#
#....z# ###.### # #))@# #.# ##'##
#.# #.# #.# #.# #.#
####.###########.#
#.............##.#
######...#...#####.##.#
.........###..# #.##.#
#######.#.#...#####.##.#


You could see a wight.

Vanquished Creatures
  Pikel (D:6)
  Sigmund (D:3)
  Duvessa (D:6)
  An ice beast (D:5)
  An ogre (D:5)
  A black bear (D:5)
  2 centaurs (D:6)
  A lemure (D:6)
  3 phantoms (D:4)
  A bullfrog (D:4)
  A scorpion (D:6)
  2 wights (D:6)
  Dowan (D:6)
  A jelly (D:6)
  A hound (D:4)
  2 orc priests
  2 gnoll boudas
  Crazy Yiuf (D:3)
  3 iguanas (D:5)
  A sleepcap (D:5)
  2 orc wizards (D:3)
  12 gnolls
  9 adders
  2 ufetubi
  2 worms
  2 dart slugs
  13 orcs
  6 bats
  7 endoplasms
  A giant cockroach (D:1)
  12 goblins
  13 hobgoblins
  4 kobolds
  4 quokkas
  7 ball pythons
  3 frilled lizards
  4 rats (D:1)
131 creatures vanquished.

Vanquished Creatures (collateral kills)
  An orc priest (D:5)
  An orc (D:3)
  An endoplasm (D:1)
  A giant cockroach (D:1)
  A goblin (D:3)
5 creatures vanquished.

Grand Total: 136 creatures vanquished

Notes
Turn   | Place    | Note
-------+----------+-------------------------------------------
     0 | D:1      | jtron the Gnoll Wanderer began the quest for the Orb.
     0 | D:1      | jtron set off with the following items: a +0 dagger, a
                  | scroll of blinking, a +0 cloak, a +0 robe, 2 potions of
                  | might; and the following spell memorised: Necrotise; and
                  | the following spells available to memorise: Vampiric
                  | Draining.
     0 | D:1      | Reached XP level 1. HP: 17/17 MP: 4/4
    86 | D:1      | Reached XP level 2. HP: 23/23 MP: 0/5
   646 | D:1      | Reached XP level 3. HP: 26/28 MP: 2/7
  1503 | D:2      | Found a faded altar of an unknown god.
  1606 | D:2      | Reached skill level 1 in Short Blades
  1606 | D:2      | Reached skill level 1 in Long Blades
  1606 | D:2      | Reached skill level 1 in Axes
  1606 | D:2      | Reached skill level 1 in Maces & Flails
  1606 | D:2      | Reached skill level 1 in Polearms
  1606 | D:2      | Reached skill level 1 in Staves
  1606 | D:2      | Reached skill level 1 in Ranged Weapons
  1606 | D:2      | Reached skill level 1 in Throwing
  1606 | D:2      | Reached skill level 1 in Armour
  1606 | D:2      | Reached skill level 1 in Shields
  1606 | D:2      | Reached skill level 1 in Evocations
  1973 | D:3      | Reached XP level 4. HP: 10/34 MP: 0/8
  2205 | D:3      | Reached skill level 1 in Conjurations
  2205 | D:3      | Reached skill level 1 in Hexes
  2205 | D:3      | Reached skill level 1 in Summonings
  2205 | D:3      | Reached skill level 1 in Translocations
  2205 | D:3      | Reached skill level 1 in Transmutations
  2205 | D:3      | Reached skill level 1 in Fire Magic
  2205 | D:3      | Reached skill level 1 in Ice Magic
  2205 | D:3      | Reached skill level 1 in Air Magic
  2205 | D:3      | Reached skill level 1 in Earth Magic
  2205 | D:3      | Reached skill level 1 in Poison Magic
  2631 | D:3      | Noticed Sigmund
  2688 | D:3      | Found a runed translucent door.
  2691 | D:3      | Identified the +2 hammer of Gehenna {protect, *Rage rF+
                  | Dex+3}
  2695 | D:3      | Noticed Crazy Yiuf
  2698 | D:3      | Identified the +8 hammer "Hell-Harrower" {heavy, *Noise
                  | Fragile rCorr Str+5}
  2701 | D:3      | Identified the +4 hammer "Vuryxum" {heavy, rElec Int+4}
  2708 | D:3      | Identified the +5 hammer of Niraxey {venom, Will+++ rCorr
                  | Str-3 Stlth+}
  2962 | D:3      | Found a bloodstained altar of Trog.
  3146 | D:3      | Killed Sigmund
  3147 | D:3      | Reached skill level 5 in Dodging
  3147 | D:3      | Reached skill level 5 in Unarmed Combat
  3147 | D:3      | Reached XP level 5. HP: 39/41 MP: 8/10
  3147 | D:3      | Reached XP level 6. HP: 45/47 MP: 8/11
  3425 | D:3      | Killed Crazy Yiuf
  3453 | D:3      | Learned a level 3 spell: Vampiric Draining
  3552 | D:4      | Reached XP level 7. HP: 48/52 MP: 12/12
  4012 | D:4      | Found a shimmering blue altar of Sif Muna.
  4018 | D:4      | Found a radiant altar of Vehumet.
  4262 | D:4      | Found a shadowy altar of Dithmenos.
  4371 | D:4      | Reached skill level 5 in Stealth
  4608 | D:5      | Entered Level 5 of the Dungeon
  4811 | D:5      | Reached XP level 8. HP: 60/60 MP: 10/14
  5156 | D:5      | Found a blossoming altar of Fedhas.
  5165 | D:5      | Became a worshipper of Fedhas Madash
  5698 | D:6      | Reached * piety under Fedhas
  5833 | D:6      | Noticed Pikel
  5902 | D:6      | Reached skill level 5 in Invocations
  5911 | D:6      | Killed Pikel
  5912 | D:6      | Reached skill level 5 in Fighting
  5912 | D:6      | Reached skill level 5 in Spellcasting
  5912 | D:6      | Reached XP level 9. HP: 40/68 MP: 14/16
  6078 | D:6      | Noticed Dowan
  6095 | D:6      | Killed Dowan
  6097 | D:6      | Noticed Duvessa
  6103 | D:6      | Killed Duvessa
  6260 | D:6      | HP: 2/56 [wight/+5 trident (9)]
  6261 | D:6      | Mangled by a wight

Illustrated notes

Levels and vault maps discovered:
D:1:      amcnicky_arrival_flooded_fountain, layout_basic,
          hangedman_decor_growths, nicolae_figureground_pulse
D:2:      layout_rooms, shapermc_ecumenical_altar_ellora
D:3:      layout_basic, trog_hazing_becter, palyth_stone_intersect,
          uniq_crazy_yiuf_cottage, uniq_sigmund
D:4:      minmay_recursive_quarters, layout_loops_ring, general_overflow_altar,
          minitemple
D:5:      layout_loops_ring, fedhas_altar_2, columned_hall_lemuel
D:6:      layout_loops_corners, uniq_pikel, uniq_duvessa

Skill      XL: |  1  2  3  4  5  6  7  8 |
---------------+-------------------------+-----
Necromancy     | 2 3 4 |  4.2
Short Blades   | 1 2 3 4 |  4.4
Long Blades    | 1 2 3 4 |  4.4
Axes           | 1 2 3 4 |  4.4
Maces & Flails | 1 2 3 4 |  4.4
Polearms       | 1 2 3 4 |  4.4
Staves         | 1 2 3 4 |  4.4
Ranged Weapons | 1 2 3 4 |  4.4
Throwing       | 1 2 3 4 |  4.4
Armour         | 1 2 3 4 |  4.4
Shields        | 1 2 3 4 |  4.4
Evocations     | 1 2 3 4 |  4.4
Spellcasting   | 3 4 5 |  5.3
Conjurations   | 1 2 3 |  3.6
Hexes          | 1 2 3 |  3.6
Summonings     | 1 2 3 |  3.6
Translocations | 1 2 3 |  3.6
Transmutations | 1 2 3 |  3.6
Fire Magic     | 1 2 3 |  3.6
Ice Magic      | 1 2 3 |  3.6
Air Magic      | 1 2 3 |  3.6
Earth Magic    | 1 2 3 |  3.6
Poison Magic   | 1 2 3 |  3.6
Invocations    | 3 4 5 |  5.5
Fighting       | 3 4 5 |  5.1
Dodging        | 5 6 |  6.4
Unarmed Combat | 5 6 |  6.4
Stealth        | 5 6 |  6.1

Action                     |  1- 3 |  4- 6 |  7- 9 || total
---------------------------+-------+-------+-------++-------
  Melee: Unarmed           |    67 |    19 |       ||    86
         Bite              |     4 |     4 |    12 ||    20
         Mace              |       |    44 |   133 ||   177
         Punch             |       |       |     4 ||     4
   Fire: Sling             |       |     7 |       ||     7
  Throw: Stone             |     1 |     1 |     6 ||     8
         Throwing net      |       |       |     3 ||     3
   Cast: Necrotise         |    64 |    33 |    44 ||   141
         Vampiric Draining |       |       |    11 ||    11
  Evoke: Wand              |       |     3 |     4 ||     7
    Use: Potion            |     1 |     4 |     5 ||    10
         Scroll            |       |     4 |     5 ||     9
   Stab: Sleeping          |     5 |     3 |     8 ||    16
         Distracted        |       |     1 |       ||     1
         Held in net/web   |       |       |     2 ||     2
 Armour: Robe              |    23 |    28 |    30 ||    81
         Skin              |       |       |    37 ||    37
  Dodge: Dodged            |    69 |    61 |   161 ||   291

Table legend: (Time is in decaauts)
 A = Elapsed time spent in this place.
 B = Non-inter-level travel time spent in this place.
 C = Inter-level travel time spent in this place.
 D = Time resting spent in this place.
 E = Time spent auto-exploring this place.
 F = Levels seen in this place.
 G = Mean time per level.
                   A        B        C        D        E       F      G
               +--------+--------+--------+--------+--------+-----+--------+
         Total |   6415 |   6190 |    225 |    555 |   3931 |   6 | 1069.2 |
       Dungeon |   6415 |   6190 |    225 |    555 |   3931 |   6 | 1069.2 |
               +--------+--------+--------+--------+--------+-----+--------+

Top non-repeatable levels by time:
     D:3: 1589 daAuts
     D:1: 1270 daAuts
     D:4: 1166 daAuts
     D:5: 1033 daAuts
     D:6: 686 daAuts
     D:2: 669 daAuts
